 Dungeon Crawl Stone Soup version 0.28.0 (webtiles) character file.

Game seed: 15687977627856368080

6 multipassport the Chiller (level 2, -1/19 HPs)
             Began as a Formicid Ice Elementalist on Feb 9, 2022.
             Slain by an adder (4 damage)
             ... on level 2 of the Dungeon.
             The game lasted 00:02:26 (715 turns).

multipassport the Chiller (FoIE)                     Turns: 715, Time: 00:02:27

Health: -1/19      AC:  2    Str: 12    XL:     2   Next: 0%
Magic:  1/5        EV: 12    Int: 14    God:
Gold:   15         SH:  0    Dex: 11    Spells: 4/5 levels left

rFire   . . .      SeeInvis +   d - +1 mace (drain)
rCold   . . .      Faith    .   (no shield)
rNeg    . . .      Spirit   .   a - +0 robe
rPois   .          Reflect  .   (helmet unavailable)
rElec   .          Harm     .   (no cloak)
rCorr   .          Rampage  .   (no gloves)
Will    .....                   (no boots)
Stlth   ++........              (no amulet)
HPRegen 0.06/turn               (no ring)
MPRegen 0.09/turn               (no ring)

@: lethally poisoned (-1 -> -4), very slightly contaminated
A: permanent stasis, dig shafts and tunnels, antennae 3, four strong arms
a: Dig, Shaft Self


You were on level 2 of the Dungeon.
You visited 1 branch of the dungeon, and saw 2 of its levels.

You collected 15 gold pieces.

Inventory:

Hand Weapons
 d - a +1 mace of draining (weapon)
Armour
 a - a +0 robe (worn)
Jewellery
 f - a ring of resist corrosion
 g - a ring of poison resistance
Scrolls
 c - a scroll of fear {unknown}
 e - a scroll of enchant weapon {unknown}
Potions
 b - a potion of degeneration {unknown}


   Skills:
 + Level 1.9 Dodging
 - Level 2.4 Stealth
 + Level 2.3 Spellcasting
 + Level 0.4 Conjurations
 + Level 4.0 Ice Magic


You had 4 spell levels left.
You knew the following spells:

 Your Spells              Type           Power      Damage    Failure   Level
a - Freeze                Ice            52%        1d7       4%          1

Your spell library contained the following spells:

 Spells                   Type           Power      Damage    Failure   Level
 Frozen Ramparts          Ice            26%        1d4       13%         3
 Ozocubu's Armour         Ice            13%        N/A       13%         3
 Hailstorm                Conj/Ice       7%         3d4       67%         4


Dungeon Overview and Level Annotations

Branches:
Dungeon (2/15)

Altars:


Innate Abilities, Weirdness & Mutations

You cannot be hasted, slowed, berserked, paralysed or teleported.
You can dig through walls and to a lower floor.
You have a pair of large antennae on your head. (SInv)
Your four strong arms can wield two-handed weapons with a shield.


Message History

Aim: an adder You freeze the adder.
The adder is heavily wounded.
The adder bites you.
Aiming: Freeze (safe; 4% risk of failure)
Press: ? - help, Q - select action, (/) - cycle Shift-Dir - straight line, f/p - adder
Aim: an adder (heavily wounded)
You miscast Freeze.
You are very lightly contaminated with residual magic.
Nothing appears to happen.
The adder hisses angrily.
The adder misses you. The adder bites you.
You are poisoned.
The adder poisons you!
Aiming: Freeze (safe; 4% risk of failure)
Press: ? - help, Q - select action, (/) - cycle Shift-Dir - straight line, f/p - adder
Aim: an adder (heavily wounded)
You freeze the adder.
The adder is severely wounded.
You feel sick. The adder misses you. The adder barely misses you.
You feel sick.
You feel sick.
A giant cockroach comes into view.
The adder closely misses you. The adder bites you.
You are lethally poisoned!
The adder poisons you!
There is a stone staircase leading up here.
Aiming: Freeze (safe; 4% risk of failure)
Press: ? - help, Q - select action, (/) - cycle Shift-Dir - straight line, f/p - adder
Aim: an adder (severely wounded)
You freeze the adder.
The adder is almost dead.
* * * LOW HITPOINT WARNING * * *
You feel sick. The adder completely misses you.
The adder bites you but does no damage.
You miss the adder.
The adder is almost dead.
* * * LOW HITPOINT WARNING * * *
You feel sick. The adder bites you.
You die...

..#........#
.##.#...B....
..............###
....#...........
....#.........#
.....<......<.#
.$............#
.........@...>##
........SS.......
##.........#####
............#
.#......#...#
#........###
.........##
........##
...[.>..#


You could see 2 adders and a giant cockroach.

Vanquished Creatures
  A bat (D:1)
  A giant cockroach (D:1)
  A goblin (D:1)
  A hobgoblin (D:1)
  A ball python (D:1)
5 creatures vanquished.

Notes
Turn   | Place    | Note
-------+----------+-------------------------------------------
     0 | D:1      | multipassport the Formicid Ice Elementalist began the quest
                  | for the Orb.
     0 | D:1      | Reached XP level 1. HP: 13/13 MP: 3/3
   450 | D:1      | Reached XP level 2. HP: 19/19 MP: 0/5
   573 | D:1      | Found a faded altar of an unknown god.
   715 | D:2      | Slain by an adder

Illustrated notes

Levels and vault maps discovered:
D:1:      elethiomel_arrival_shortcut, layout_loops_cross,
          hellmonk_ecumenical_altar_lost_god
D:2:      layout_rooms, serial_shops, shop_statue, shop,
          nicolae_shop_waterfront, shop, nicolae_shop_statue_plus,
          nicolae_underground_beach

Action                   || total
-------------------------++-------
Melee: Unarmed           ||     1
       Mace              ||     1
 Cast: Freeze            ||    11
 Stab: Sleeping          ||     1
Armor: Robe              ||     2
Dodge: Dodged            ||    10
